 Dungeon Crawl Stone Soup version 0.16.2-2-g470672f (webtiles) character file.

1055 monobi the Sneak (level 8, -4/50 (54) HPs)
             Began as an Octopode Monk on Sept 3, 2015.
             Slain by a goliath beetle (14 damage)
             ... on level 6 of the Dungeon.
             The game lasted 00:14:08 (5339 turns).

monobi the Sneak (Octopode Monk)                    Turns: 5339, Time: 00:14:08

HP:   -4/50 (54)    AC:  1    Str: 11    XL:     8   Next: 26%
MP:   8/8           EV: 15    Int: 12    God:
Gold: 323           SH:  7    Dex: 16    Spells: 0 memorised, 7 levels left

rFire  . . .     SeeInvis .       - Unarmed
rCold  . . .     Clarity  .     x - +3 buckler {reflect}
rNeg   . . .     SustAb   .     (helmet restricted)
rPois  .         Gourm    .     z - amulet of resist corrosion
rElec  .         Spirit   .     (no ring)
rCorr  +         Warding  .     (no ring)
rMut   .         Stasis   .     (no ring)
MR     .....                    (no ring)
Stlth  +++++.....               (no ring)
                                (no ring)
                                (no ring)
                                (no ring)

@: not resistant to hostile enchantments, quite stealthy
A: almost no armour, amphibious, 8 rings, constrict 8, camouflage 1, gelatinous
body 1
a: no special abilities


You were on level 6 of the Dungeon.
You were not hungry.

You visited 2 branches of the dungeon, and saw 7 of its levels.

You collected 323 gold pieces.

Inventory:

Hand weapons
 i - a +0 dagger of electrocution
 s - the +6 whip "Xoifibba" {vamp, -Cast Int+5, unknown}
   (You found it on level 4 of the Dungeon)

   It inflicts no extra harm, but heals its wielder somewhat when it strikes a
   living foe.
   It affects your intelligence (+5).
   It prevents spellcasting.
 v - a +3 dagger
Armour
 d - the +0 helmet of the Pit {rElec Str+4 Int+2 Dex-2}
   (You found it on level 6 of the Dungeon)

   It affects your strength (+4).
   It affects your intelligence (+2).
   It affects your dexterity (-2).
   It insulates you from electricity.
 x - a +3 buckler of reflection (worn)
Jewellery
 z - an amulet of resist corrosion (around mantle)
Magical devices
 r - a wand of lightning (2)
Scrolls
 f - 5 scrolls of identify
 g - a scroll of enchant armour
 h - 2 scrolls of enchant weapon
 j - 3 scrolls of remove curse
Potions
 a - 3 potions of cancellation
 c - a potion of curing
 e - 2 potions of haste {unknown}
 k - 2 potions of mutation {unknown}
 l - 3 potions of restore abilities {unknown}
 m - a potion of brilliance {unknown}
 o - a potion of might {unknown}
 t - a potion of invisibility {unknown}
 w - a potion of beneficial mutation {unknown}
Comestibles
 b - 4 bread rations
 n - a meat ration
 p - 4 beef jerkies
 q - a chunk of flesh


   Skills:
 + Level 4.5 Fighting
 + Level 5.5 Dodging
 * Level 7.1 Stealth
 + Level 1.8 Shields
 * Level 6.6 Unarmed Combat


You had 7 spell levels left.
You didn't know any spells.

Dungeon Overview and Level Annotations

Branches:
Dungeon (6/15)             Temple (1/1) D:5

Altars:
Ashenzari
Cheibriados
Dithmenos
Elyvilon
Fedhas
Gozag
Kikubaaqudgha
Makhleb
Nemelex Xobeh
Okawaru
Qazlal
Ru
Sif Muna
Trog
Vehumet
Xom
Zin
The Shining One

Annotations:
D:5 exclusion: oklob plant


Innate Abilities, Weirdness & Mutations

You cannot wear most types of armour.
You are amphibious.
You can wear up to eight rings at the same time.
You can use your tentacles to constrict many enemies at once.
Your skin changes colour to match your surroundings (Stealth).
Your rubbery body absorbs attacks (AC +1).


Message History

You tentacle-slap the goliath beetle but do no damage.
You squeeze the goliath beetle.
The goliath beetle is moderately wounded.
You constrict the goliath beetle. The goliath beetle bites you!!
You tentacle-slap the goliath beetle. You squeeze the goliath beetle!
The goliath beetle is severely wounded.
You constrict the goliath beetle, but do no damage.
You tentacle-slap the goliath beetle but do no damage.
The goliath beetle is severely wounded.
You constrict the goliath beetle. The goliath beetle bites you!!
* * * LOW HITPOINT WARNING * * *
You tentacle-slap the goliath beetle.
The goliath beetle is severely wounded.
You constrict the goliath beetle, but do no damage.
You tentacle-slap the goliath beetle but do no damage.
You squeeze the goliath beetle.
The goliath beetle is severely wounded.
You constrict the goliath beetle, but do no damage.
The goliath beetle bites you!
You die...

... ... ... .... #### ...
.... ... .## #o. .# #o###
.# #o#.S ..... #B#.# ....
#@#.# .... #.#.# .. ##'#.#
.. ....... #....#
..#.......... #....#
..#...........#....####
......................#
...........######.....#####
...........#####...........


You could see a goliath beetle, an orc warrior and 2 orcs.

Vanquished Creatures
  Grinder (D:4)
  Edmund (D:4)
  A phantom (D:6)
  An orc warrior (D:6)
  2 necrophages
  A centaur zombie (D:5)
  A jelly (D:6)
  2 crimson imps
  2 orc wizards (D:3)
  2 worker ants
  6 adders
  A giant mite (D:2)
  3 worms
  6 giant geckos
  14 orcs
  4 ball pythons
  2 giant cockroaches
  8 hobgoblins
  4 jackals (D:3)
  12 kobolds
  2 quokkas (D:2)
  6 bats
  A giant cockroach zombie (D:5)
  A giant gecko zombie (D:5)
  6 giant newts
  13 goblins
  11 rats
  A fungus (D:5)
  2 plants (D:5)
117 creatures vanquished.

Notes
Turn   | Place    | Note
--------------------------------------------------------------
     0 | D:1      | monobi, the Octopode Monk, began the quest for the Orb.
     0 | D:1      | Reached XP level 1. HP: 16/16 MP: 1/1
   150 | D:1      | Reached XP level 2. HP: 19/21 MP: 2/2
   622 | D:2      | Reached XP level 3. HP: 11/26 MP: 3/3
  1150 | D:2      | Found a deep blue altar of Sif Muna.
  1248 | D:2      | Reached XP level 4. HP: 21/31 MP: 4/4
  1667 | D:2      | Reached skill level 5 in Unarmed Combat
  1897 | D:3      | Reached XP level 5. HP: 29/36 MP: 5/5
  2292 | D:3      | Reached skill level 5 in Stealth
  2433 | D:3      | Found a glowing golden altar of the Shining One.
  2435 | D:3      | Noticed a necrophage
  2442 | D:3      | Killed a necrophage
  2442 | D:3      | Reached XP level 6. HP: 35/42 MP: 6/6
  2665 | D:4      | Noticed Grinder
  2674 | D:4      | Killed Grinder
  2674 | D:4      | Reached skill level 5 in Dodging
  2674 | D:4      | Reached XP level 7. HP: 31/48 MP: 7/7
  2788 | D:4      | Found a sparkling altar of Nemelex Xobeh.
  2847 | D:4      | Got a bone whip
  3067 | D:4      | Found a shadowy altar of Dithmenos.
  3104 | D:4      | Noticed Edmund
  3124 | D:4      | Killed Edmund
  3124 | D:4      | Reached skill level 6 in Stealth
  3340 | D:5      | Entered Level 5 of the Dungeon
  3343 | D:5      | Found a burning altar of Makhleb.
  3361 | D:5      | Found a blossoming altar of Fedhas.
  3383 | D:5      | Noticed an oklob plant
  3534 | D:5      | Reached skill level 1 in Shields
  3976 | D:5      | Found a staircase to the Ecumenical Temple.
  3993 | Temple   | Entered the Ecumenical Temple
  4602 | D:6      | Reached XP level 8. HP: 27/50 MP: 8/8
  4619 | D:6      | Found an iron altar of Okawaru.
  4741 | D:6      | Reached skill level 7 in Stealth
  5176 | D:6      | Got a spiked helmet
  5177 | D:6      | Identified the +0 helmet of the Pit {rElec Str+4 Int+2 Dex-2} (You found it on level 6 of the Dungeon)
  5339 | D:6      | Slain by a goliath beetle

Action                   |  1- 3 |  4- 6 |  7- 9 || total
-------------------------+-------+-------+-------++-------
Melee: Unarmed           |    59 |   115 |   165 ||   339
  Use: Potion            |       |     3 |     2 ||     5
       Scroll            |       |       |    12 ||    12
 Stab: Sleeping          |    11 |     6 |    10 ||    27
       Distracted        |       |       |     1 ||     1
  Eat: Chunk             |       |     5 |       ||     5
       Meat ration       |       |       |     1 ||     1
       Bread ration      |       |       |     1 ||     1
